AoeStats
← LaisTakara

Arena

510516523Analyzed
1v1 RM · 1d ago on Oct 1, 2026· 50m 32s· 2 players
Game mode
Random Map
Map size
Tiny (2 player)
Population
200
Speed
Normal
Resources
Standard
Victory
Conquest
Starting age
Dark Age
Ending age
Imperial Age
RankedLock teamsTeams togetherTeam positionsShared explorationLock speedFull tech treeHidden civsTurbo modeCheats
Victory
Defeat
🇵🇹 Portuguese · Portugal
493
+14
🇨🇳 Teutons · China
458
-23
无忧无虑
12:36 Feudal Age
13:37 Horse Collar
14:55 Double-Bit Axe
15:03 Gold Mining
15:05 Stone Mining
21:16 Bloodlines
20:30 Man-at-Arms
25:02 Castle Age
23:29 Scale Barding Armor
26:57 Long Swordsman
27:23 Gambesons
27:39 Squires
30:39 Chain Barding Armor
30:31 Forging
32:45 Heavy Plow
33:35 Wheelbarrow
33:09 Town Watch
39:07 Imperial Age
39:39 Hand Cart
40:26 Iron Casting
41:28 Fortified Wall
43:39 Cavalier
LaisTakara
12:00 Loom
14:12 Feudal Age
24:49 Castle Age
23:29 Double-Bit Axe
24:08 Horse Collar
27:02 Gold Mining
27:03 Stone Mining
28:45 Light Cavalry
29:27 Husbandry
30:25 Wheelbarrow
30:12 Crossbowman
32:54 Stone Shaft Mining
34:22 Town Watch
34:53 Hand Cart
36:44 Heavy Plow
37:06 Bow Saw
42:11 Imperial Age
40:33 Murder Holes
40:49 Masonry
40:51 Fortified Wall
41:30 Fletching
41:41 Padded Archer Armor
41:54 Forging
45:45 Chemistry
45:16 Architecture
45:08 Ballistics
44:55 Siege Engineers
45:08 Leather Archer Armor
44:49 Bodkin Arrow
46:04 Two-Man Saw
47:10 Crop Rotation
46:28 Treadmill Crane
47:24 Ring Archer Armor
46:55 Bracer
47:32 Iron Casting
47:03 Scale Barding Armor
47:00 Scale Mail Armor
47:08 Cavalier
47:58 Bloodlines
47:12 Arbalester
50:26 Thumb Ring
51:33 Blast Furnace
50:49 Chain Mail Armor
50:56 Chain Barding Armor
Connection lost

Rejoining the realm…

Still unreachable

The connection could not be restored.

Session expired

The server has moved on; the page needs a fresh start.